 Dungeon Sprint DCSS version 0.28.0-53-g5a82cb258f (webtiles) character file.

Game seed: 10727180819428311878

22094 Zeld the Sorcerer (level 12, -3/59 HPs)
             Began as a Deep Elf Conjurer on May 30, 2022.
             Was the Champion of Sif Muna.
             Slain by the Enchantress
             ... wielding a +2 rapier of distortion
              (7 damage)
             ... in the Dungeon (Sprint IV: "Fedhas' Mad Dash").
             The game lasted 00:09:59 (7550 turns).

Zeld the Sorcerer (Deep Elf Conjurer)               Turns: 7550, Time: 00:09:59

Health: -3/59      AC:  4    Str:  4    XL:     12   Next: 60%
Magic:  19/44      EV: 15    Int: 29    God:    Sif Muna [******]
Gold:   16         SH:  0    Dex: 13    Spells: 31/63 levels left

rFire   + . .      SeeInvis +   n - staff of fire
rCold   . . .      Faith    .   (no shield)
rNeg    . . .      Spirit   .   a - +0 robe
rPois   .          Reflect  .   m - +1 helmet {SInv}
rElec   .          Harm     .   (no cloak)
rCorr   .          Rampage  .   (no gloves)
Will    .....      NoTele   +   (no boots)
Stlth   ++++......              i - amulet of invisibility {+Inv}
HPRegen 0.19/turn               (no ring)
MPRegen 0.29/turn               (no ring)

@: weak-willed, untranslocatable
A: no striking features
a: Renounce Religion, Evoke Invisibility, Channel Magic, Forget Spell, Divine
Exegesis


You were in the Dungeon.
You worshipped Sif Muna.
Sif Muna was exalted by your worship.
You visited 1 branch You collected 471 gold pieces.
You spent 455 gold pieces at shops.

Inventory:

Armour
 a - a +0 robe (worn)
 m - a +1 helmet of see invisible (worn)
Magical Staves
 n - a staff of fire (weapon)
Jewellery
 i - the amulet of invisibility (around neck) {+Inv}
   (You found it in the Dungeon)

   [amulet of nothing]

   +Inv:      It lets you turn invisible.
Scrolls
 g - a scroll of blinking
 h - 5 scrolls of identify
 k - a scroll of fear
 o - a scroll of summoning
 p - a scroll of enchant armour
Potions
 b - 2 potions of curing
 c - a potion of heal wounds
 d - a potion of haste
 e - 2 potions of magic
 f - a potion of berserk rage
 l - a potion of might {unknown}


   Skills:
 - Level 8.0 Dodging
 - Level 8.0 Stealth
 * Level 26.1 Spellcasting
 * Level 23.4 Conjurations
 - Level 2.0 Hexes
 - Level 2.0 Translocations
 - Level 12.0 Invocations


You had 31 spell levels left.
You knew the following spells:

 Your Spells              Type           Power      Damage    Failure   Level
a - Magic Dart            Conj           100%       1d8       0%          1
b - Searing Ray           Conj           100%       2d8       0%          2
c - Fulminant Prism       Conj/Hex       42%        3d20      1%          4
d - Iskenderun's Mystic   Conj/Tloc      84%        2d17      1%          4
e - Fireball              Conj/Fire      51%        3d20      1%          5
f - Starburst             Conj/Fire      51%        6d14      1%          6
y - Orb of Destruction    Conj           54%        9d14      1%          7
z - Dazzling Flash        Conj/Hex       100%       N/A       0%          3

Your spell library contained the following spells:

 Spells                   Type           Power      Damage    Failure   Level
 Shock                    Conj/Air       100%       1d9       0%          1
 Iskenderun's Battlesphe  Conj           100%       2d15      0%          5
 Beastly Appendage        Tmut           74%        N/A       1%          1
 Slow                     Hex            100%       N/A       1%          1
 Confusing Touch          Hex            49%        N/A       1%          3
 Conjure Flame            Conj/Fire      100%       6-21      1%          3
 Mephitic Cloud           Conj/Pois/Air  70%        N/A       1%          3
 Flame Wave               Conj/Fire      100%       2d17      1%          4
 Hailstorm                Conj/Ice       82%        3d17      1%          4
 Sticky Flame             Conj/Fire      100%       2d11      1%          4
 Irradiate                Conj/Tmut      41%        3d27      1%          5
 Lightning Bolt           Conj/Air       41%        1d60      1%          5
 Conjure Ball Lightning   Conj/Air       41%        3x3d13    1%          6
 Iron Shot                Conj/Erth      41%        9d8       1%          6
 Vampiric Draining        Necr           37%        2d8       2%          3
 Leda's Liquefaction      Hex/Erth       21%        N/A       4%          4
 Spellforged Servitor     Conj/Summ      41%        N/A       4%          7
 Olgreb's Toxic Radiance  Pois           37%        N/A       7%          4
 Silence                  Hex/Air        21%        N/A       13%         5
 Agony                    Necr           37%        N/A       21%         5
 Lee's Rapid Deconstruct  Erth           18%        3d12*     21%         5
 Lehudib's Crystal Spear  Conj/Erth      41%        10d10     36%         8
 Statue Form              Tmut/Erth      24%        N/A       73%         6
 Fire Storm               Conj/Fire      51%        8d13      99%         9
 Maxwell's Capacitive Co  Air            18%        ∞         100%        8


Dungeon Overview and Level Annotations

Branches:
Dungeon (1/1)

Altars:
Cheibriados
Dithmenos
Elyvilon
Gozag
Hepliaklqana
Kikubaaqudgha
Makhleb
Nemelex Xobeh
Okawaru
Qazlal
Ru
Sif Muna
Trog
Uskayaw
Vehumet
Wu Jian
Xom
Yredelemnul
Zin
The Shining One
Beogh
Jiyva
Lugonu

Shops:
D ?*((*(=[**=(:?![=![

Annotations:
D the Enchantress


Message History

The Enchantress is engulfed in blazing flames. x2
The Enchantress points at you and mumbles some strange words.
You feel firmly anchored in space.
You bump into the tree.
The Enchantress is engulfed in blazing flames.
You feel less confused.
Casting: Fireball (safe; 1% risk of failure)
Confirm with . or Enter, or press ? or * to list all spells.
You erupt in a blast of force!
The mystic blast hits the Enchantress!
The Enchantress is moderately wounded.
The Enchantress is knocked back by the mystic blast.
Unknown command.
Press: ? - help, v - describe, . - travel
Here: the Enchantress, wielding a +2 rapier of distortion, wearing the +3 faerie dragon scales {rC++ rCorr Str+4 Int+3} and wearing a +1 buckler of fire resistance (moderately wounded, repelling missiles)
The floor.
Casting: Iskenderun's Mystic Blast (safe; 1% risk of failure)
Confirm with . or Enter, or press ? or * to list all spells.
Aiming: Orb of Destruction (safe; 1% risk of failure)
Press: ? - help, Shift-Dir - straight line,
f - the Enchantress
Aim: the Enchantress, wielding a +2 rapier of distortion, wearing the +3 faerie dragon scales {rC++ rCorr Str+4 Int+3} and wearing a +1 buckler of fire resistance (moderately wounded, repelling missiles) Unknown command.
The wavering orb of destruction hits the Enchantress!!
The Enchantress is severely wounded.
The Enchantress gestures wildly while chanting.
You are confused.
Things that are here:
a +0 spear; a spriggan skeleton You're too confused to cast spells.
You're too confused to cast spells.
The Enchantress points at you and mumbles some strange words.
Your willpower is stripped away!
You bump into the stone wall.
The Enchantress hits you with a +2 rapier of distortion!
The Enchantress hits you with a +2 rapier of distortion.
Space warps horribly around you!
You feel less confused.
The Enchantress hits you with a +2 rapier of distortion!!
* * * LOW HITPOINT WARNING * * *
Space warps horribly around you!
You die...

###......### #....# ###...##
##....# ###########
#....####.....#####∩∩∩#......
#)............'....∩.∩?......
#.............#####∩∩∩#......
#############################
♣.....♣..♣........♣.)...♣..♣
....).)....i.).)......).....
♣.....♣..♣.@......♣.....♣..♣
##### ######################


You could see the Enchantress (repels missiles).

Vanquished Creatures
  Agnes (D)
  4 spriggan defenders (D)
  A ghost moth (D)
  3 spriggan berserkers (D)
  4 spriggan druids (D)
  20 oklob plants (D)
  3 demonic crawlers (D)
  3 wandering mushrooms (D)
  3 burning bushes (D)
  A queen bee (D)
  8 hornets (D)
  3 scorpions (D)
  4 killer bees (D)
  5 oklob saplings (D)
  10 spriggans (D)
  A river rat (D)
  A rat (D)
  2 ballistomycete spores (D)
  3 bushes (D)
80 creatures vanquished.

Vanquished Creatures (others)
  21 fulminant prisms (D)
  4 fungi (D)
25 creatures vanquished.

Grand Total: 105 creatures vanquished

Notes
Turn   | Place    | Note
-------+----------+-------------------------------------------
     0 | D        | Zeld the Deep Elf Conjurer began the quest for the Orb.
     0 | D        | Reached XP level 1. HP: 10/10 MP: 6/6
    12 | D        | Reached skill level 4 in Spellcasting
    12 | D        | Reached skill level 5 in Conjurations
    12 | D        | Reached skill level 1 in Translocations
    12 | D        | Reached XP level 2. HP: 6/15 MP: 0/9
   245 | D        | Learned a level 2 spell: Searing Ray
   290 | D        | Noticed a scorpion
   293 | D        | Noticed an oklob sapling
   301 | D        | Killed a scorpion
   302 | D        | Reached skill level 7 in Spellcasting
   302 | D        | Reached XP level 3. HP: 11/19 MP: 0/14
   302 | D        | Reached XP level 4. HP: 14/24 MP: 0/15
   306 | D        | Learned a level 3 spell: Dazzling Flash
   311 | D        | Learned a level 4 spell: Fulminant Prism
   316 | D        | Learned a level 4 spell: Iskenderun's Mystic Blast
   528 | D        | Reached skill level 8 in Spellcasting
   852 | D        | Found the amulet of invisibility {+Inv}
  1074 | D        | Found an opulent altar of Gozag.
  1074 | D        | Found a hazy altar of Hepliaklqana.
  1074 | D        | Found a burning altar of Makhleb.
  1074 | D        | Found a sparkling altar of Nemelex Xobeh.
  1074 | D        | Found a snail-covered altar of Cheibriados.
  1074 | D        | Found a sacrificial altar of Ru.
  1074 | D        | Found a shimmering blue altar of Sif Muna.
  1074 | D        | Found a shimmering altar of Xom.
  1074 | D        | Found a basalt altar of Yredelemnul.
  1075 | D        | Found a viscous altar of Jiyva.
  1075 | D        | Found a bloodstained altar of Trog.
  1075 | D        | Found an ornate altar of the Wu Jian Council.
  1076 | D        | Found an iron altar of Okawaru.
  1076 | D        | Found a shadowy altar of Dithmenos.
  1076 | D        | Found a glowing silver altar of Zin.
  1077 | D        | Found an ancient bone altar of Kikubaaqudgha.
  1077 | D        | Found a hide-covered altar of Uskayaw.
  1078 | D        | Found a stormy altar of Qazlal.
  1078 | D        | Found a glowing golden altar of the Shining One.
  1078 | D        | Found a white marble altar of Elyvilon.
  1079 | D        | Found a radiant altar of Vehumet.
  1079 | D        | Found a corrupted altar of Lugonu.
  1081 | D        | Became a worshipper of Sif Muna the Loreminder
  1244 | D        | Reached skill level 9 in Spellcasting
  1287 | D        | Noticed a queen bee
  1293 | D        | Reached skill level 10 in Spellcasting
  1293 | D        | Reached XP level 5. HP: 13/28 MP: 8/19
  1293 | D        | Reached * piety under Sif Muna
  1302 | D        | Reached skill level 11 in Spellcasting
  1302 | D        | Reached skill level 10 in Conjurations
  1302 | D        | Reached XP level 6. HP: 5/32 MP: 1/22
  1685 | D        | Reached skill level 12 in Spellcasting
  1737 | D        | Reached ** piety under Sif Muna
  1764 | D        | Reached skill level 13 in Spellcasting
  1863 | D        | Found Mekluf's Book Shop.
  1863 | D        | Found Netegh's Antique Weapon Emporium.
  1884 | D        | Noticed a burning bush
  1884 | D        | Noticed a wandering mushroom
  1887 | D        | Reached *** piety under Sif Muna
  1887 | D        | Noticed a wandering mushroom
  1888 | D        | Reached XP level 7. HP: 22/36 MP: 17/26
  1890 | D        | Killed a burning bush
  1890 | D        | Killed a wandering mushroom
  1891 | D        | Reached skill level 14 in Spellcasting
  1891 | D        | Killed a wandering mushroom
  1892 | D        | Reached skill level 5 in Dodging
  1892 | D        | Reached skill level 5 in Stealth
  1892 | D        | Reached skill level 5 in Invocations
  1892 | D        | Reached XP level 8. HP: 25/41 MP: 6/28
  1995 | D        | Found Dusailub's Jewellery Emporium.
  1995 | D        | Found Baka's Armour Shoppe.
  2051 | D        | Killed a queen bee
  2051 | D        | Reached **** piety under Sif Muna
  2165 | D        | Noticed an oklob plant
  2173 | D        | Killed an oklob plant
  2261 | D        | Noticed a burning bush
  2500 | D        | Killed a burning bush
  2501 | D        | Reached XP level 9. HP: 23/45 MP: 15/29
  2650 | D        | Noticed a burning bush
  2650 | D        | Noticed an oklob plant
  2653 | D        | Killed a burning bush
  2654 | D        | Reached skill level 10 in Invocations
  2884 | D        | Noticed a wandering mushroom
  2891 | D        | Killed a wandering mushroom
  2891 | D        | Reached ***** piety under Sif Muna
  2895 | D        | Killed an oklob plant
  2895 | D        | Received a gift from Sif Muna
  2898 | D        | Got Sif Muna's Collected Works on Changing and the
                  | Snowflakes {god gift}
  3000 | D        | Noticed a spriggan druid
  3002 | D        | Killed a spriggan druid
  3003 | D        | Reached skill level 15 in Spellcasting
  3003 | D        | Reached skill level 15 in Conjurations
  3054 | D        | Noticed an oklob plant conjurer
  3059 | D        | Killed an oklob plant conjurer
  3156 | D        | Noticed an oklob plant
  3156 | D        | Noticed an oklob plant summoner
  3157 | D        | Noticed an oklob plant shifter
  3164 | D        | Killed an oklob plant
  3164 | D        | Killed an oklob plant summoner
  3164 | D        | Killed an oklob plant shifter
  3165 | D        | Reached skill level 17 in Spellcasting
  3165 | D        | Reached XP level 10. HP: 48/50 MP: 16/33
  3184 | D        | Received a gift from Sif Muna
  3187 | D        | Got Ereshkigal's Compendium of Arcane Weapons {god gift}
  3194 | D        | Learned a level 5 spell: Fireball
  3473 | D        | Noticed a spriggan rider
  3475 | D        | Found Birgh's Distillery.
  3477 | D        | Found Rakus's Armour Shoppe.
  3481 | D        | Reached skill level 18 in Spellcasting
  3532 | D        | Bought a +1 helmet of see invisible for 181 gold pieces
  3761 | D        | Noticed Agnes
  3766 | D        | Noticed a spriggan berserker
  3774 | D        | Killed Agnes
  3774 | D        | Killed a spriggan berserker
  3775 | D        | Reached skill level 19 in Spellcasting
  3779 | D        | Noticed a spriggan defender
  3787 | D        | Killed a spriggan defender
  3788 | D        | Reached skill level 20 in Spellcasting
  3788 | D        | Reached XP level 11. HP: 36/54 MP: 18/37
  3788 | D        | Found Deinowk's Magic Scroll Emporium.
  3796 | D        | Found Feitt's Distillery.
  3934 | D        | Bought a scroll of identify for 24 gold pieces
  4109 | D        | Noticed a spriggan rider
  4114 | D        | Killed a spriggan rider
  4119 | D        | Received a gift from Sif Muna
  4122 | D        | Got Sif Muna's Handbook of Toxins and Attacks {god gift}
  4343 | D        | Noticed a ghost moth
  4344 | D        | Found Buorer's Assorted Antiques.
  4344 | D        | Found Pocuank's Weapon Emporium.
  4344 | D        | Found Beamimia's Magic Scroll Shoppe.
  4352 | D        | Killed a ghost moth
  4353 | D        | Reached skill level 21 in Spellcasting
  4511 | D        | Noticed an oklob plant shifter
  4511 | D        | Noticed an oklob plant meteorologist
  4518 | D        | Killed an oklob plant shifter
  4525 | D        | Killed an oklob plant meteorologist
  4867 | D        | Received a gift from Sif Muna
  4868 | D        | Reached skill level 22 in Spellcasting
  4868 | D        | Noticed a spriggan rider
  5262 | D        | Found Gotsy's Assorted Antiques.
  5262 | D        | Found Hiuce's Antique Weapon Boutique.
  5262 | D        | Found Azaf's Weapon Shop.
  5262 | D        | Found Jiollip's Antique Armour Emporium.
  5262 | D        | Found Meapuge's Jewellery Shoppe.
  5263 | D        | Found Vajan's General Store.
  5263 | D        | Found Muydut's Jewellery Shop.
  5263 | D        | Found Zibe's General Store.
  5395 | D        | Noticed an oklob plant
  5395 | D        | Noticed an oklob plant
  5395 | D        | Noticed an oklob plant
  5395 | D        | Noticed an oklob plant
  5395 | D        | Noticed an oklob plant
  5395 | D        | Noticed an oklob plant
  5651 | D        | Killed an oklob plant
  5653 | D        | Killed an oklob plant
  5654 | D        | Killed an oklob plant
  5767 | D        | Noticed an oklob plant
  5768 | D        | Noticed an oklob plant
  5770 | D        | Killed an oklob plant
  5771 | D        | Killed an oklob plant
  5771 | D        | Received a gift from Sif Muna
  5771 | D        | Killed an oklob plant
  5772 | D        | Reached skill level 23 in Spellcasting
  5773 | D        | Got Sif Muna's Grimoire of Curses and the Birds {god gift}
  5955 | D        | Noticed an oklob plant
  5956 | D        | Noticed an oklob plant
  5959 | D        | Killed an oklob plant
  5959 | D        | Killed an oklob plant
  5959 | D        | Reached ****** piety under Sif Muna
  5960 | D        | Killed an oklob plant
  5961 | D        | Noticed an oklob plant
  5962 | D        | Noticed an oklob plant
  5965 | D        | Killed an oklob plant
  5965 | D        | Killed an oklob plant
  5966 | D        | Reached skill level 24 in Spellcasting
  5966 | D        | Reached XP level 12. HP: 59/59 MP: 11/42
  5966 | D        | Received a gift from Sif Muna
  5969 | D        | Got Sif Muna's Papyrus of Combat Magic {god gift}
  5977 | D        | Learned a level 6 spell: Starburst
  6178 | D        | Bought a scroll of identify for 20 gold pieces
  6178 | D        | Bought a scroll of summoning for 95 gold pieces
  6178 | D        | Bought a scroll of identify for 20 gold pieces
  6178 | D        | Bought a scroll of enchant armour for 75 gold pieces
  6178 | D        | Bought a scroll of identify for 20 gold pieces
  6210 | D        | Bought a scroll of identify for 20 gold pieces
  6444 | D        | Noticed a spriggan defender
  6444 | D        | Noticed a spriggan defender
  6447 | D        | Killed a spriggan defender
  6448 | D        | Killed a spriggan defender
  6834 | D        | Reached skill level 25 in Spellcasting
  7255 | D        | Received a gift from Sif Muna
  7510 | D        | Got Sif Muna's Handbook of Liberalism {god gift}
  7519 | D        | Learned a level 7 spell: Orb of Destruction
  7526 | D        | Noticed a spriggan defender
  7531 | D        | Killed a spriggan defender
  7532 | D        | Noticed the Enchantress
  7533 | D        | Reached skill level 26 in Spellcasting
  7550 | D        | Slain by the Enchantress

Illustrated notes

Levels and vault maps discovered:
D:        dungeon_sprint_fedhas [sprint_temple]

Skill      XL: |  1  2  3  4  5  6  7  8  9 10 11 12 |
---------------+-------------------------------------+-----
Spellcasting   | 4 7 10 11 13 14 17 20 24 26 | 26.1
Conjurations   | 5 7 9 10 12 14 16 18 21 23 | 23.4
Hexes          | 2 |  2.0
Translocations | 1 2 |  2.0
Dodging        | 5 7 8 |  8.0
Stealth        | 5 8 |  8.0
Invocations    | 5 9 12 | 12.0

Action                   |  1- 3 |  4- 6 |  7- 9 | 10-12 || total
-------------------------+-------+-------+-------+-------++-------
Melee: Unarmed           |     3 |       |       |       ||     3
 Cast: Magic Dart        |     8 |       |       |     1 ||     9
       Searing Ray       |     2 |     6 |    13 |     6 ||    27
       Iskenderun's Myst |       |     7 |    15 |    31 ||    53
       Fulminant Prism   |       |     2 |    11 |     8 ||    21
       Fireball          |       |       |       |    39 ||    39
       Orb of Destructio |       |       |       |     1 ||     1
Invok: Channel Magic     |       |       |       |     1 ||     1
 Abil: Evoke Invisibilit |       |     6 |     8 |    11 ||    25
  Use: Scroll            |       |       |       |     2 ||     2
Armor: Robe              |     1 |       |       |       ||     1
Dodge: Dodged            |     1 |     4 |     4 |     2 ||    11
